AoeStats
← OhBoyitsDarran

Golden Pit

507607273Analyzed
1v1 RM · 12d ago on Sep 19, 2026· 50m 18s· 2 players
Game mode
Random Map
Map size
Tiny (2 player)
Population
200
Speed
Normal
Resources
Standard
Victory
Conquest
Starting age
Dark Age
Ending age
Imperial Age
RankedLock teamsTeams togetherTeam positionsShared explorationLock speedFull tech treeHidden civsTurbo modeCheats
Victory
Defeat
🇨🇳 Khmer · China
872
+16
🇺🇸 Ethiopians · United States
879
-16
HeroBruce4510
11:46 Feudal Age
12:26 Double-Bit Axe
19:44 Horse Collar
24:22 Castle Age
26:30 Heavy Plow
26:42 Bow Saw
27:46 Wheelbarrow
26:51 Pikeman
29:16 Hand Cart
28:47 Town Watch
29:10 Fletching
29:26 Scale Barding Armor
29:39 Forging
29:03 Light Cavalry
30:11 Bloodlines
30:37 Husbandry
32:07 Iron Casting
32:46 Elite Skirmisher
34:07 Chain Barding Armor
34:43 Bodkin Arrow
34:51 Padded Archer Armor
35:21 Gold Mining
35:21 Stone Mining
35:44 Scale Mail Armor
37:48 Masonry
37:59 Ballistics
37:37 Murder Holes
38:31 Gold Shaft Mining
39:06 Leather Archer Armor
42:20 Imperial Age
43:25 Conscription
43:46 Bracer
43:38 Hussar
45:59 Plate Barding Armor
46:47 Blast Furnace
47:05 Chemistry
46:36 Chain Mail Armor
46:57 Halberdier
OhBoyitsDarran
9:34 Feudal Age
7:49 Loom
10:49 Double-Bit Axe
20:29 Castle Age
20:13 Scale Barding Armor
20:21 Forging
21:15 Husbandry
21:11 Elite Skirmisher
21:58 Padded Archer Armor
21:55 Fletching
22:23 Horse Collar
26:13 Bow Saw
27:46 Scale Mail Armor
29:46 Wheelbarrow
31:52 Thumb Ring
36:40 Imperial Age
34:34 Bodkin Arrow
37:16 Hand Cart
37:42 Padded Archer Armor
38:58 Bracer
39:22 Chain Barding Armor
39:38 Iron Casting
40:38 Bracer
41:07 Ballistics
42:04 Cavalier
43:48 Blast Furnace
43:04 Chain Mail Armor
44:07 Chain Mail Armor
46:10 Onager
Connection lost

Rejoining the realm…

Still unreachable

The connection could not be restored.

Session expired

The server has moved on; the page needs a fresh start.